 Dungeon Crawl Stone Soup version 0.30.0-13-g156ef70053 (webtiles) character file.

Game seed: 8105644968222475806

313475 SnakkuSnakku7 the Spry (level 20, -1/145 HPs)
             Began as a Tengu Hunter on May 17, 2023.
             Was the Champion of the Shining One.
             Slain by a +3 glaive of venom (23 damage)
             ... animated by Zenata
             ... on level 3 of the Elven Halls.
             The game lasted 01:09:22 (28635 turns).

SnakkuSnakku7 the Spry (Tengu Hunter)              Turns: 28635, Time: 01:09:24

Health: -1/145     AC: 18    Str: 21    XL:     20   Next: 91%
Magic:  32/32      EV: 35    Int: 10    God:    the Shining One [******]
Gold:   4452       SH:  0    Dex: 24    Spells: 16/19 levels left

rFire   + . .        a - +4 longbow (flame)
rCold   + . .        (shield currently unavailable)
rNeg    + + +        n - +0 troll leather armour
rPois   .            (helmet restricted)
rElec   .            S - +2 cloak {rC+}
rCorr   .            x - +2 pair of gloves
SInv    +            (boots unavailable)
Will    ++...        T - amulet of regeneration
Stlth   +            y - ring of Leirchip {rF+ Will+ Str+5 Dex+4 SInv}
HPRegen 2.04/turn    t - +4 ring of protection
MPRegen 0.23/turn

%: no passive effects
@: lethally poisoned (-1 -> -2), flying quickly and evasively, glowing, studying
3 skills, quick
A: beak, talons 3, nimble flight, clumsy 2, passive freeze, robust 1, strong 1,
subdued magic 1
}: 3/15 runes: barnacled, slimy, gossamer
a: Renounce Religion, Divine Shield, Cleansing Flame, Summon Divine Warrior,
Brand Weapon With Holy Wrath


You were on level 3 of the Elven Halls.
You worshipped the Shining One.
The Shining One was exalted by your worship.
You visited 8 branches of the dungeon, and saw 39 of its levels.
You also visited: Ossuary, Bailey and Ice Cave.

You collected 5829 gold pieces.
You spent 1270 gold pieces at shops.
You donated 107 gold pieces to Zin.

Inventory:

Hand Weapons
 a - a +4 longbow of flaming (weapon)
 I - a +2 arbalest of flaming
Missiles
 p - 9 throwing nets
Armour
 n - a +0 troll leather armour (worn)
 o - the +5 robe of Night {Dark Will+ SInv}
   (You found it on level 5 of the Pits of Slime)

   Dark:      It shrouds the wearer in darkness, reducing the range at which
   they can see and be seen by others.
   SInv:      It lets you see invisible.
   Will:      It increases your willpower.
 w - a +2 kite shield of cold resistance
 x - a +2 pair of gloves (worn)
 O - a +1 robe of cold resistance
 S - a +2 cloak of cold resistance (worn)
Jewellery
 e - a ring of protection from cold
 t - a +4 ring of protection (right hand)
 y - the ring of Leirchip (left hand) {rF+ Will+ Str+5 Dex+4 SInv}
   (You bought it in a shop on level 2 of the Orcish Mines)

   [ring of protection from fire]

   Str:       It affects your strength (+5).
   Dex:       It affects your dexterity (+4).
   rF:        It protects you from fire.
   SInv:      It lets you see invisible.
   Will:      It increases your willpower.
 P - the ring of the Hare {EV+10}
   (You found it on level 1 of the Spider Nest)

   [ring of evasion]

   EV:        It affects your evasion (+10).
 T - an amulet of regeneration (around neck)
Wands
 c - a wand of iceblast (13)
 s - a wand of quicksilver (9)
 F - a wand of paralysis (27)
 G - a wand of flame (60)
 L - a wand of digging (6)
 N - a wand of mindburst (2)
Scrolls
 b - 12 scrolls of immolation
 f - 20 scrolls of teleportation
 g - a scroll of fear
 i - a scroll of vulnerability
 m - 4 scrolls of fog
 E - 6 scrolls of magic mapping
 M - 3 scrolls of silence
 Q - a scroll of blinking
 R - 2 scrolls of enchant weapon
Potions
 d - a potion of resistance
 h - 11 potions of ambrosia
 j - 9 potions of cancellation
 k - 5 potions of invisibility
 l - 8 potions of mutation
 u - 10 potions of haste
 v - 8 potions of heal wounds
 z - 5 potions of magic
 A - 23 potions of curing
 B - 9 potions of attraction
 C - 5 potions of brilliance
Miscellaneous
 r - a phial of floods (inert)
 H - a lightning rod (1/4)


   Skills:
 - Level 16.7 Fighting
 - Level 18.0 Ranged Weapons
 - Level 16.2 Armour
 - Level 20.0 Dodging
 - Level 1.0 Stealth
 + Level 7.2 Hexes
 + Level 7.9 Translocations
 - Level 15.0 Invocations


You had 16 spell levels left.
You knew the following spells:

 Your Spells              Type           Power      Damage    Failure   Level
a - Portal Projectile     Hex/Tloc       22%        N/A       4%          3

Your spell library contained the following spells:

 Spells                   Type           Power      Damage    Failure   Level
 Apportation              Tloc           24%        N/A       1%          1
 Blink                    Tloc           24%        N/A       1%          2
 Lesser Beckoning         Tloc           24%        N/A       1%          2
 Gell's Gravitas          Tloc           12%        N/A       3%          3
 Teleport Other           Tloc           12%        N/A       3%          3
 Tukima's Dance           Hex            11%        N/A       5%          3
 Manifold Assault         Tloc           12%        N/A       14%         4
 Passage of Golubria      Tloc           12%        N/A       14%         4
 Vhi's Electric Charge    Tloc/Air       12%        N/A       22%         3
 Volatile Blastmotes      Fire/Tloc      12%        2d11      22%         3
 Inner Flame              Hex/Fire       5%         N/A       24%         3
 Beastly Appendage        Tmut           0%         N/A       34%         1
 Necrotise                Necr           0%         1d4       34%         1
 Sandblast                Erth           0%         2d4       34%         1
 Shock                    Conj/Air       0%         1d3       34%         1
 Summon Small Mammal      Summ           0%         N/A       34%         1
 Passwall                 Tmut/Erth      0%         N/A       50%         2
 Scorch                   Fire           0%         2d5       50%         2
 Static Discharge         Conj/Air       0%         2-2/arc   50%         2
 Wereblood                Tmut           0%         N/A       50%         2
 Leda's Liquefaction      Hex/Erth       2%         N/A       63%         4
 Call Canine Familiar     Summ           0%         N/A       73%         3
 Spider Form              Tmut/Pois      0%         N/A       73%         3
 Stone Arrow              Conj/Erth      0%         3d7       73%         3
 Swiftness                Air            0%         N/A       73%         3
 Metabolic Englaciation   Hex/Ice        2%         N/A       94%         5
 Yara's Violent Unravell  Hex/Tmut       2%         3d3       94%         5
 Airstrike                Air            0%         2d(0-16)  98%         4
 Animate Armour           Summ/Erth      0%         N/A       98%         4
 Flame Wave               Conj/Fire      0%         2d4       98%         4
 Petrify                  Tmut/Erth      0%         N/A       98%         4
 Sticky Flame             Conj/Fire      0%         2d3       98%         4
 Summon Lightning Spire   Summ/Air       0%         N/A       98%         4
 Arcjolt                  Conj/Air       0%         1d10      100%        5
 Blade Hands              Tmut           0%         N/A       100%        5
 Borgnjor's Vile Clutch   Necr/Erth      0%         N/A       100%        5
 Fireball                 Conj/Fire      0%         3d3       100%        5
 Iskenderun's Battlesphe  Conj           0%         2d6       100%        5
 Lee's Rapid Deconstruct  Erth           0%         3d4*      100%        5
 Conjure Ball Lightning   Conj/Air       0%         3x3d6     100%        6
 Iron Shot                Conj/Erth      0%         9d1       100%        6
 Plasma Beam              Fire/Air       0%         2x1d11    100%        6
 Statue Form              Tmut/Erth      0%         N/A       100%        6
 Summon Cactus Giant      Summ           0%         N/A       100%        6
 Orb of Destruction       Conj           0%         9d5       100%        7
 Ozocubu's Refrigeration  Ice            0%         4d7       100%        7
 Maxwell's Capacitive Co  Air            0%         ∞         100%        8
 Chain Lightning          Conj/Air       0%         N/A       100%        9
 Fire Storm               Conj/Fire      0%         5d1       100%        9
 Shatter                  Erth           0%         3d5*      100%        9


Dungeon Overview and Level Annotations

Branches:
Dungeon (15/15)            Temple (1/1) D:5            Lair (5/5) D:11
 Shoals (4/4) Lair:2       Spider (4/4) Lair:2        Slime (5/5) Lair:5
    Orc (2/2) D:12            Elf (3/3) Orc:2        Vaults (0/5) D:14
 Depths (0/4) D:15        Ossuary (visited)          Bailey (visited)
  IceCv (visited)

Altars:
Ashenzari
Cheibriados
Dithmenos
Elyvilon
Fedhas
Hepliaklqana
Kikubaaqudgha
Makhleb
Okawaru
Ru
Trog
Uskayaw
Vehumet
Wu Jian
Xom
Yredelemnul
Zin
The Shining One

Shops:
D:2 [   Orc:2 (=(!   Elf:1 (

Portals:
Hell: Lair:5

Annotations:
D:11 2 transporters, Persephone's ghost, journeyman MiHu
D:12 1 runed translucent door, SecretSquirrel's ghost, journeyman SpHu
Elf:2 5 runed translucent doors
Elf:3 Zenata


Innate Abilities, Weirdness & Mutations

You have a beak for a mouth.
You have claws for feet.
Your magical nature lets you fly swiftly and evasively.
You are very clumsy. (Dex -4)
A frigid envelope surrounds you and freezes all who hurt you.
You are robust. (+10% HP)
Your muscles are strong. (Str +4, Int/Dex -1)
Your spells are a little easier to cast, but a little less powerful.


Message History

The +2 short sword of protection hits you but does no damage.
The +2 short sword of protection resists.
The +2 short sword of protection is very cold.
The +2 short sword of protection is lightly damaged.
The +3 heavy war axe hits you!!
The +3 heavy war axe completely resists.
The +2 vampiric trident hits you but does no damage.
The +2 short sword of protection misses you.
The +3 glaive of venom hits you from afar.
You are poisoned.
Zenata points at you and mumbles some strange words.
A blast of power from the earth and the adjacent constructs strikes you!
The +1 battleaxe of flaming misses you.
The +2 vampiric trident hits you from afar!
The +2 hand axe of pain hits you!
The +2 hand axe of pain completely resists.
The +3 heavy war axe hits you!!
The +3 heavy war axe resists.
The +3 heavy war axe is very cold.
The +3 heavy war axe is lightly damaged.
The +2 short sword of protection misses you.
You feel very sick.
The +2 short sword of protection misses you.
The +2 vampiric trident misses you. The +2 hand axe of pain hits you.
The +3 glaive of venom completely misses you.
The +1 battleaxe of flaming hits you!!
* * * LOW HITPOINT WARNING * * *
The +1 battleaxe of flaming burns you.
* * * LOW HITPOINT WARNING * * *
The +2 short sword of protection hits you.
* * * LOW HITPOINT WARNING * * *
The +2 short sword of protection resists.
The +2 short sword of protection is very cold.
The +2 short sword of protection is lightly damaged.
The +2 vampiric trident closely misses you.
The +3 heavy war axe completely misses you.
The +2 hand axe of pain hits you but does no damage.
The +2 hand axe of pain resists.
The +2 hand axe of pain is very cold.
The +2 hand axe of pain is lightly damaged.
The +3 glaive of venom hits you from afar!!
You die...

#.# #.#........####
#.# ###.##......##...
#.###....#####.##...)
#.#.~....## ##.##..)
##........####....##
#§.........##......#
#..a((.....###....##
#.(((......# ######
#[.@(......#
##........##
##......## ##....##
######


You could see Zenata and 6 dancing weapons.

Vanquished Creatures
  the Royal Jelly (Slime:5)
  Arachne (Spider:3)
  A lich (IceCv)
  12 acid blobs
  Frances (Elf:1)
  Donald (Spider:3)
  Kirke (Shoals:3)
  9 rockslimes
  6 azure jellies
  3 deep elf sorcerers (Elf:3)
  A frost giant (Shoals:4)
  Aizul (Spider:4)
  2 emperor scorpions (Spider:4)
  Louise (Spider:3)
  11 quicksilver oozes
  8 broodmothers
  A very ugly thing (IceCv)
  A stone giant (D:15)
  2 deep elf demonologists
  2 deep elf annihilators
  A spark wasp (Spider:3)
  3 deep elf death magi (Elf:3)
  5 merfolk javelineers (Shoals:4)
  11 merfolk impalers
  A yaktaur captain (D:14)
  3 entropy weavers
  3 deep elf high priests
  4 great orbs of eyes
  The ghost of qdestroyer the Spear-Bearer, a journeyman MiFi of Qazlal (Shoals:1)
  Fannar (Lair:3)
  A caustic shrike simulacrum (IceCv)
  Harold (D:9)
  A radroach (Spider:3)
  2 jorogumos (Spider:4)
  2 boulder beetles
  8 hydras
  A catoblepas (D:13)
  12 centaur warriors
  An ogre mage (D:14)
  6 merfolk avatars
  9 two-headed ogres
  3 merfolk aquamancers
  An alligator snapping turtle (Shoals:2)
  A two-headed ogre (shapeshifter) (D:15)
  14 death yaks
  3 tengu warriors (D:14)
  15 dancing weapons
  4 satyrs
  Urug (Lair:1)
  A death scarab (Spider:4)
  3 orc high priests (Orc:2)
  A sun demon (Lair:5)
  14 deep elf knights
  A sun moth (Spider:2)
  A fire crab (shapeshifter) (Elf:2)
  6 skysharks
  14 pharaoh ants
  Lodul (D:14)
  A spriggan simulacrum (IceCv)
  15 orb spiders
  A flayed ghost (D:14)
  Pikel (D:6)
  8 sea snakes
  A kraken simulacrum (Shoals:4)
  A sea snake (shapeshifter) (Elf:1)
  An obsidian statue (IceCv)
  12 deep elf archers
  A lindwurm (Lair:5)
  3 bog bodies (IceCv)
  4 orc knights
  4 steelbarb worms
  3 necromancers
  3 wizards
  23 harpies
  25 deep elf pyromancers
  20 deep elf zephyrmancers
  6 fauns
  4 shining eyes
  5 orc sorcerers
  17 manticores
  21 wolf spiders
  22 ugly things
  15 cyclopes
  10 merfolk sirens
  A guardian serpent (D:12)
  3 moths of wrath
  4 black mambas
  3 demonic crawlers
  10 cane toads
  An eye of devastation (Slime:4)
  8 water nymphs
  Joseph (D:10)
  A smoke demon (Lair:5)
  3 orange demons (Lair:5)
  2 gargoyles
  An unseen horror (shapeshifter) (D:14)
  3 kobold demonologists
  Psyche (D:9)
  4 rime drakes (Lair:5)
  5 torpor snails
  2 unseen horrors (D:12)
  11 komodo dragons
  A komodo dragon (shapeshifter) (D:15)
  6 yaktaurs (D:15)
  3 efreet
  16 freezing wraiths
  4 ice devils
  2 golden dragon simulacra (IceCv)
  3 tengu conjurers (D:14)
  A red devil (Lair:5)
  3 anaconda simulacra (IceCv)
  24 merfolk
  A troll (shapeshifter) (D:14)
  7 trolls
  2 polar bears (Lair:5)
  2 hornets
  A wolf spider simulacrum (D:14)
  2 meliai
  22 tarantellas
  9 wind drakes
  10 blink frogs (Lair:1)
  13 dream sheep
  74 slime creatures
  10 snapping turtles
  30 jumping spiders
  Sigmund (D:2)
  A culicivora (shapeshifter) (D:14)
  22 culicivoras
  4 wyverns
  39 yaks
  9 water elementals
  A spriggan (shapeshifter) (D:14)
  5 spriggans (Bailey)
  A fire elemental (Elf:1)
  A vampire (D:10)
  3 dire elephant simulacra (IceCv)
  5 wraiths
  Eustachio (D:6)
  9 basilisks
  2 hogs (Shoals:3)
  7 golden eyes (Slime:5)
  2 steam dragons
  A yak (shapeshifter) (Elf:1)
  A redback simulacrum (D:14)
  7 vampire mosquitoes
  2 minotaur simulacra (IceCv)
  49 redbacks
  2 harpy simulacra (IceCv)
  2 wargs
  14 water moccasins
  3 hell hounds (Lair:5)
  6 acid dragons
  A hydra simulacrum (IceCv)
  15 orc warriors
  A sky beast (D:5)
  3 alligator simulacra (IceCv)
  4 boggarts (D:14)
  2 ettin simulacra (IceCv)
  19 ogres
  6 centaurs
  A lemure (D:6)
  4 kobold brigands
  A phantom (D:6)
  7 bullfrogs
  2 earth elementals (Elf:3)
  A deep troll simulacrum (IceCv)
  3 gnoll sergeants
  3 scorpions
  12 wights
  9 killer bees (D:9)
  7 lindwurm simulacra (IceCv)
  4 howler monkeys
  A gnoll bouda (D:7)
  4 hounds
  20 orc priests
  5 sleepcaps
  4 iguanas
  22 orc wizards
  A boggart simulacrum (D:14)
  A mummy (Ossuary)
  7 adders
  24 gnolls
  A shadow imp (D:7)
  A white imp (D:7)
  A worm (D:2)
  4 dart slugs
  73 orcs
  2 bats (D:1)
  7 endoplasms
  8 hobgoblins
  2 quokkas
  10 ball pythons
  3 frilled lizards
  2 gnoll skeletons (Ossuary)
  9 goblins
  16 kobolds
  3 kobold skeletons (Ossuary)
  14 orc skeletons (Ossuary)
  3 rats
1317 creatures vanquished.

Vanquished Creatures (collateral kills)
  An azure jelly (Slime:5)
1 creature vanquished.

Vanquished Creatures (others)
  Nikola (Spider:1)
  A deep elf zephyrmancer (Elf:2)
  A deep elf pyromancer (Elf:3)
  A water nymph (Shoals:2)
  A water elemental (Elf:1)
  A killer bee (D:9)
  An orc (Orc:2)
  8 tentacles (Shoals:4)
15 creatures vanquished.

Grand Total: 1333 creatures vanquished

Notes
Turn   | Place    | Note
-------+----------+-------------------------------------------
     0 | D:1      | SnakkuSnakku7 the Tengu Hunter began the quest for the Orb.
     0 | D:1      | Reached XP level 1. HP: 12/12 MP: 2/2
    57 | D:1      | Reached XP level 2. HP: 17/17 MP: 3/3
   150 | D:1      | Reached skill level 5 in Ranged Weapons
   308 | D:2      | Reached XP level 3. HP: 10/21 MP: 4/4
   596 | D:2      | Found Hunuwk's Antique Armour Shop.
   771 | D:2      | Noticed Sigmund
   781 | D:2      | Killed Sigmund
   782 | D:2      | Reached XP level 4. HP: 20/26 MP: 5/5
   782 | D:2      | Gained mutation: Your magical nature lets you fly swiftly
                  | and evasively. [Tengu growth]
   782 | D:2      | Reached XP level 5. HP: 23/30 MP: 6/6
  1025 | D:3      | Reached XP level 6. HP: 22/35 MP: 7/7
  1319 | D:3      | Found a snail-covered altar of Cheibriados.
  1988 | D:4      | Identified the +4 war axe "Cexiliab" {heavy, Fly rF+ Will+
                  | Int-3}
  2106 | D:2      | Bought a glowing cloak for 187 gold pieces
  2158 | D:4      | Reached XP level 7. HP: 37/40 MP: 8/8
  2492 | D:5      | Entered Level 5 of the Dungeon
  2682 | D:5      | Reached skill level 10 in Ranged Weapons
  2766 | D:5      | Got the Directory of the Singularity
  3021 | D:5      | Found a staircase to the Ecumenical Temple.
  3037 | Temple   | Entered the Ecumenical Temple
  3075 | Temple   | Became a worshipper of Zin the Law-Giver
  3186 | D:5      | Reached XP level 8. HP: 37/44 MP: 9/9
  3392 | D:6      | Reached * piety under Zin
  3426 | D:6      | Noticed Eustachio
  3545 | D:6      | Noticed Pikel
  3853 | D:6      | Gained mutation: Your spells are a little harder to cast,
                  | but a little more powerful. [potion of mutation]
  3853 | D:6      | Gained mutation: A frigid envelope surrounds you and
                  | freezes all who hurt you. [potion of mutation]
  3853 | D:6      | Gained mutation: Your muscles are strong. (Str +4, Int/Dex
                  | -1) [potion of mutation]
  4038 | D:6      | Killed Eustachio
  4039 | D:6      | Reached XP level 9. HP: 42/48 MP: 10/10
  4242 | D:6      | Reached ** piety under Zin
  4562 | D:6      | Killed Pikel
  5382 | D:8      | Found a sand-covered staircase.
  5391 | Ossuary  | Entered an ossuary
  5497 | Ossuary  | Reached skill level 15 in Ranged Weapons
  5498 | Ossuary  | Reached *** piety under Zin
  5616 | D:8      | Found a flagged portal.
  5630 | Bailey   | Entered a bailey
  5668 | Bailey   | Reached XP level 10. HP: 35/53 MP: 11/11
  6137 | Bailey   | Noticed a two-headed ogre
  6281 | Bailey   | Killed a two-headed ogre
  6384 | Bailey   | Reached skill level 5 in Fighting
  6657 | D:8      | Reached **** piety under Zin
  6930 | D:8      | Noticed a two-headed ogre
  7002 | D:8      | Killed a two-headed ogre
  7200 | D:8      | Identified 2 scrolls of acquirement
  7200 | D:8      | Acquired a +2 arbalest of flaming
  7202 | D:8      | Acquired a +3 longbow of flaming
  7241 | D:9      | Reached XP level 11. HP: 67/68 MP: 12/12
  7377 | D:9      | Noticed Psyche
  7391 | D:9      | Killed Psyche
  7446 | D:9      | Noticed Harold
  7451 | D:9      | Killed Harold
  7625 | D:9      | Identified the staff of conjuration "Bumestit" {Str+2}
  7715 | D:10     | Entered Level 10 of the Dungeon
  8059 | D:10     | Noticed Joseph
  8065 | D:10     | Killed Joseph
  8070 | D:10     | Reached skill level 3 in Dodging
  8221 | D:10     | Reached ***** piety under Zin
  8245 | D:11     | Noticed a centaur warrior
  8251 | D:10     | Reached skill level 4 in Dodging
  8257 | D:11     | Killed a centaur warrior
  8258 | D:11     | Reached skill level 5 in Dodging
  8277 | D:11     | Noticed a two-headed ogre
  8281 | D:11     | Killed a two-headed ogre
  8282 | D:11     | Reached skill level 6 in Dodging
  8282 | D:11     | Reached XP level 12. HP: 73/73 MP: 11/13
  8335 | D:11     | Found a staircase to the Lair.
  8382 | D:11     | Reached skill level 7 in Dodging
  8418 | D:11     | Reached skill level 8 in Dodging
  8487 | D:11     | Noticed Persephone's ghost (journeyman MiHu)
  8499 | D:11     | Found a transporter.
  8503 | D:11     | Found a transporter.
  8713 | D:11     | Noticed a two-headed ogre
  8717 | D:11     | Killed a two-headed ogre
  8860 | D:11     | Reached skill level 9 in Dodging
  8943 | Lair:1   | Entered Level 1 of the Lair of Beasts
  8973 | Lair:1   | Reached skill level 10 in Dodging
  8976 | Lair:1   | Reached skill level 1 in Armour
  9915 | Lair:1   | Noticed Urug
  9928 | Lair:1   | Killed Urug
  9929 | Lair:1   | Reached skill level 5 in Armour
 10082 | Lair:2   | Found a staircase to the Shoals.
 10135 | Lair:2   | Found a hole to the Spider Nest.
 10603 | Lair:3   | Reached XP level 13. HP: 78/78 MP: 14/14
 10776 | Lair:3   | Acquired a manual of Armour
 10875 | Lair:3   | Noticed Fannar
 10883 | Lair:3   | Killed Fannar
 11051 | Lair:3   | Reached skill level 10 in Armour
 11051 | Lair:3   | Reached skill level 1 in Invocations
 11360 | Lair:4   | Reached skill level 5 in Invocations
 11997 | Lair:5   | Entered Level 5 of the Lair of Beasts
 12017 | Lair:5   | Found a staircase to the Slime Pits.
 12298 | Lair:5   | Reached XP level 14. HP: 84/84 MP: 21/21
 12363 | Lair:5   | Reached skill level 10 in Fighting
 12526 | Lair:5   | Found a burning altar of Makhleb.
 13147 | Lair:5   | Found a gateway to Hell.
 13155 | Lair:5   | Reached ****** piety under Zin
 13540 | Temple   | Fell from the grace of Zin
 13540 | Temple   | Became a worshipper of the Shining One
 13540 | Temple   | Reached * piety under the Shining One
 13540 | Temple   | Reached ** piety under the Shining One
 13540 | Temple   | Reached *** piety under the Shining One
 13874 | D:12     | Reached **** piety under the Shining One
 14372 | D:12     | Found a staircase to the Orcish Mines.
 14422 | D:12     | Found a runed translucent door.
 14422 | D:12     | Found a shimmering altar of Xom.
 14422 | D:12     | Noticed SecretSquirrel's ghost (journeyman SpHu)
 14477 | Orc:1    | Entered Level 1 of the Orcish Mines
 14809 | Orc:2    | Entered Level 2 of the Orcish Mines
 14867 | Orc:2    | Paralysed by an orc sorcerer for 4 turns
 14889 | Orc:2    | Reached ***** piety under the Shining One
 15019 | Orc:2    | Reached XP level 15. HP: 100/100 MP: 22/22
 15061 | Orc:2    | Found a staircase to the Elven Halls.
 15314 | Orc:2    | Paralysed by an orc sorcerer for 5 turns
 15376 | Orc:1    | Paralysed by an orc sorcerer for 2 turns
 15736 | Orc:2    | Found Rior's Weapon Emporium.
 15736 | Orc:2    | Found Winisas's Distillery.
 15738 | Orc:2    | Found Zouwafesk's Weapon Shop.
 15738 | Orc:2    | Found Ymept's Jewellery Emporium.
 15744 | Orc:2    | Bought a potion of cancellation for 112 gold pieces
 15744 | Orc:2    | Bought a potion of resistance for 140 gold pieces
 15744 | Orc:2    | Bought a potion of mutation for 112 gold pieces
 15744 | Orc:2    | Bought a potion of heal wounds for 70 gold pieces
 15744 | Orc:2    | Bought a potion of curing for 42 gold pieces
 15751 | Orc:2    | Bought the ring of Leirchip {rF+ Will+ Str+5 Dex+4 SInv}
                  | for 607 gold pieces
 16158 | D:13     | Reached skill level 15 in Fighting
 16599 | D:14     | Reached skill level 11 in Dodging
 16602 | D:14     | Identified the +10 plate armour of the Great Game {rPois}
 16728 | D:14     | Reached skill level 12 in Dodging
 16960 | D:14     | Reached skill level 13 in Dodging
 17006 | D:14     | Reached XP level 16. HP: 108/108 MP: 21/23
 17035 | D:14     | Reached ****** piety under the Shining One
 17048 | D:14     | Identified the +3 long sword of the Final Chapter {vamp,
                  | rElec Int-3 Stlth+}
 17313 | D:14     | Reached skill level 14 in Dodging
 17381 | D:14     | Noticed Lodul
 17396 | D:14     | Killed Lodul
 17508 | D:14     | Found a gate to the Vaults.
 17542 | D:15     | Entered Level 15 of the Dungeon
 17563 | D:15     | Found a staircase to the Depths.
 17790 | D:15     | Reached skill level 15 in Dodging
 18498 | Spider:1 | Entered Level 1 of the Spider Nest
 18712 | Spider:1 | Found a frozen archway.
 18753 | Spider:1 | Reached skill level 15 in Armour
 18770 | IceCv    | Entered an ice cave
 19128 | IceCv    | Noticed a lich
 19133 | IceCv    | Killed a lich
 19376 | IceCv    | Found an ancient bone altar of Kikubaaqudgha.
 19408 | IceCv    | Reached skill level 10 in Invocations
 19598 | Spider:1 | Identified the +0 pair of gloves of Makhleb's Vengeance
                  | {rPois}
 19598 | Spider:1 | Noticed Nikola
 19624 | Spider:1 | Killed Nikola
 19625 | Spider:1 | Reached XP level 17. HP: 59/113 MP: 12/25
 19779 | Spider:1 | Found the ring of the Hare {EV+10}
 20656 | Spider:3 | Noticed Arachne
 20677 | Spider:3 | Killed Arachne
 21030 | Spider:3 | Noticed Donald
 21031 | Spider:3 | Noticed Louise
 21039 | Spider:3 | Killed Donald
 21071 | Spider:3 | Killed Louise
 21282 | Spider:4 | Entered Level 4 of the Spider Nest
 21282 | Spider:4 | Noticed Aizul
 21657 | Spider:4 | Killed Aizul
 21874 | Spider:4 | Reached XP level 18. HP: 119/119 MP: 28/30
 21971 | Spider:4 | Reached skill level 15 in Invocations
 22259 | Spider:4 | Got a gossamer rune of Zot
 22504 | Shoals:1 | Entered Level 1 of the Shoals
 22547 | Shoals:1 | Reached skill level 16 in Dodging
 22556 | Shoals:1 | Found a runed translucent door.
 22556 | Shoals:1 | Noticed qdestroyer's ghost (journeyman MiFi)
 22571 | Shoals:1 | Killed qdestroyer's ghost
 22580 | Shoals:1 | Got the Almanac of Arenous Rime
 23126 | Shoals:2 | Reached skill level 17 in Dodging
 23718 | Shoals:3 | Reached skill level 18 in Dodging
 23957 | Shoals:3 | Noticed Kirke
 23967 | Shoals:3 | Killed Kirke
 23978 | Shoals:3 | Reached skill level 19 in Dodging
 23978 | Shoals:3 | Reached XP level 19. HP: 103/124 MP: 31/31
 24126 | Shoals:4 | Entered Level 4 of the Shoals
 24415 | Shoals:4 | Identified the ring "Riasta" {rN+ Will- Dex+2 SInv Stlth+}
 24480 | Shoals:4 | Reached skill level 20 in Dodging
 24707 | Shoals:4 | Identified the +0 chain mail of Iruakiheu {Harm MP+9}
 24856 | Shoals:4 | Got a barnacled rune of Zot
 25052 | Slime:1  | Entered Level 1 of the Pits of Slime
 25482 | Slime:3  | Learned a level 3 spell: Portal Projectile
 25509 | Slime:5  | Entered Level 5 of the Pits of Slime
 25555 | Slime:5  | Reached skill level 1 in Hexes
 25555 | Slime:5  | Reached skill level 1 in Translocations
 25806 | Slime:4  | Gained mutation: You are frail. (-10% HP) [a shining eye]
 25810 | Slime:4  | Lost mutation: Your spells are a little harder to cast, but
                  | a little more powerful. [potion of mutation]
 25810 | Slime:4  | Lost mutation: You are frail. (-10% HP) [potion of
                  | mutation]
 25810 | Slime:4  | Gained mutation: You are clumsy. (Dex -2) [potion of
                  | mutation]
 25810 | Slime:4  | Gained mutation: You are robust. (+10% HP) [potion of
                  | mutation]
 26068 | Slime:5  | Noticed the Royal Jelly
 26143 | Slime:5  | Reached XP level 20. HP: 140/145 MP: 13/32
 26164 | Slime:5  | Killed the Royal Jelly
 26545 | Slime:5  | Gained mutation: You are very clumsy. (Dex -4) [a shining
                  | eye]
 26547 | Slime:5  | Gained mutation: Your spells are a little easier to cast,
                  | but a little less powerful. [a shining eye]
 26556 | Slime:5  | Found the +5 robe of Night {Dark Will+ SInv}
 26567 | Slime:5  | Identified the +5 sling "Zarghyiz" {elec, rPois rN+ Str+3
                  | Dex-2}
 26579 | Slime:5  | Identified the staff of earth "Bylusch" {Int+4 Dex-4}
 26592 | Slime:5  | Identified the +2 scale mail of Courage {*Slow Dex+3
                  | Slay+2}
 26618 | Slime:5  | Found the +9 sword of Power {lifebolt}
 26645 | Slime:5  | Identified the ring of Riynuz {rF+ MP+9 EV+5}
 26663 | Slime:5  | Got a slimy rune of Zot
 27093 | Elf:1    | Entered Level 1 of the Elven Halls
 27095 | Elf:1    | Identified the +0 pair of gloves of Ferocious Beauty
                  | {Str+2}
 27166 | Elf:1    | Found a radiant altar of Vehumet.
 27198 | Elf:1    | Reached skill level 5 in Translocations
 27287 | Elf:1    | Reached skill level 5 in Hexes
 27463 | Elf:1    | Noticed Frances
 27481 | Elf:1    | Killed Frances
 27522 | Elf:1    | Found Akalia's Weapon Boutique.
 27945 | Elf:2    | Found a huge runed translucent gate.
 27945 | Elf:2    | Found a huge runed translucent gate.
 27948 | Elf:2    | Found a huge runed translucent gate.
 27948 | Elf:2    | Found a huge runed translucent gate.
 27952 | Elf:2    | Found a huge runed translucent gate.
 28179 | Elf:3    | Entered Level 3 of the Elven Halls
 28314 | Elf:3    | Noticed a Tzitzimitl
 28514 | Elf:3    | Noticed Zenata
 28635 | Elf:3    | Slain by a +3 glaive of venom

Illustrated notes

Levels and vault maps discovered:
D:1:      wander_arrival_lonely_grave, layout_rooms
D:2:      layout_loops_ring, serial_shops, nicolae_shop_tiny_glass, uniq_sigmund
D:3:      layout_loops_ring, nicolae_overflow_hidden_temple,
          nicolae_elevator_lobby_asterisk
D:4:      layout_cave_pools
D:5:      layout_basic, minmay_temple_entry_drinking_statues
D:6:      layout_basic, minmay_misc_feat_chi, uniq_pikel, uniq_eustachio
D:7:      layout_basic, minmay_between
D:8:      layout_loops_ring, enter_ossuary_1, enter_bailey_3,
          dreamdust_wishing_well, amcnicky_mini_pool_small
D:9:      layout_roguey, kennysheep_generic_room_12, uniq_psyche, uniq_harold
D:10:     layout_roguey, uniq_joseph
D:11:     layout_loops_ring, lair_entry_dummy, gammafunk_ghost_hive,
          kennysheep_generic_room_6
D:12:     layout_long_grid, hiddenorc2_lemuel, ebering_ghost_xom,
          roderic_roman_lattice, nrook_guardian_serpent_ordinary
D:13:     layout_basic
D:14:     minmay_the_grid_square_5x5_5x5_mashed
          [minmay_the_grid_square_5x5_eight_small,
          minmay_the_grid_square_5x5_two,
          minmay_the_grid_square_5x5_three_walls, minmay_the_grid_square_5x5_n,
          minmay_the_grid_square_5x5_tie,
          minmay_the_grid_square_5x5_beaten_path,
          minmay_the_grid_square_5x5_prize_pseudospiral,
          minmay_the_grid_square_5x5_trominoes,
          minmay_the_grid_square_5x5_prize_gold,
          minmay_the_grid_square_5x5_shrine1, minmay_the_grid_square_5x5_forky,
          minmay_the_grid_square_5x5_lines,
          minmay_the_grid_square_5x5_prize_junk,
          minmay_the_grid_square_5x5_seven,
          minmay_the_grid_square_5x5_two_walls_a,
          minmay_the_grid_square_5x5_checkered_sparse,
          minmay_the_grid_square_5x5_prize_itemx,
          minmay_the_grid_square_5x5_inner_v,
          minmay_the_grid_square_5x5_prize_monsterx,
          minmay_the_grid_square_5x5_three, minmay_the_grid_square_5x5_inset,
          minmay_the_grid_square_5x5_two_walls_b,
          minmay_the_grid_square_5x5_plus, minmay_the_grid_square_5x5_shrine2,
          minmay_the_grid_square_5x5_c], layout_irregular_city, david_vaults_1,
          minmay_misc_feat_tiny, uniq_lodul
D:15:     grunt_enter_depths_giant_problem, layout_basic,
          minmay_misc_feat_pillars
Temple:   nicolae_temple_slightly_damp_pantheon
Lair:1:   hellmonk_ruined_rings, layout_layer_cave, uniq_urug
Lair:2:   layout_concentric_octagons, nicolae_shoals_entry_roost,
          spider_nest_entry_rubble, patterned_corridor
Lair:3:   layout_cellular_growth, beast_lair_carwin_9, uniq_fannar
Lair:4:   layout_cave_pods, nicolae_quartered_pool_super
Lair:5:   evil_forest, layout_hall_layers, slime_entry_1
Shoals:1: cheibrodos_shoals_baths, layout_shoals, ebering_ghost_reflecting_pool
Shoals:2: layout_shoals
Shoals:3: layout_shoals, uniq_kirke
Shoals:4: shoals_end_grunt_ice, layout_shoals
Spider:1: nicolae_spider_broodchamber, portal_ice_cave_entry_pillars_three,
          uniq_nikola
Spider:2: layout_spider_delve, nicolae_orb_stairs
Spider:3: layout_spider_delve, uniq_louise, uniq_donald, uniq_arachne
Spider:4: hellmonk_spider_rune_endless_swarm, uniq_aizul
Slime:1:  layout_caves
Slime:2:  layout_caves
Slime:3:  layout_caves
Slime:4:  layout_caves
Slime:5
Orc:1:    layout_caves, statue_in_the_mist_lemuel
Orc:2:    grunt_orc_tribal_feast, layout_caves
Elf:1:    eino_elf_arrival_altar, layout_rooms, serial_shops, shop,
          minivault_28, uniq_frances
Elf:2:    elven_hall_of_blades_hangedman_alternative
          [nicolae_blade_entry_area_security], layout_geoelf_diagonals,
          minivault_20
Elf:3:    minmay_elf_hall_statues, layout_rooms, uniq_zenata

Skill      XL: |  1  2  3  4  5  6  7  8  9 10 11 12 13 14 15 16 17 18 19 20 |
---------------+-------------------------------------------------------------+-----
Ranged Weapons | 5 7 8 10 12 15 16 18 | 18.0
Fighting       | 8 13 15 16 | 16.7
Dodging        | 6 10 13 15 19 20 | 20.0
Armour         | 8 10 12 16 | 16.2
Invocations    | 9 10 14 15 | 15.0
Hexes          | 3 7 |  7.2
Translocations | 3 7 |  7.9
Stealth        | |  1.0

Action                     |  1- 3 |  4- 6 |  7- 9 | 10-12 | 13-15 | 16-18 | 19-21 || total
---------------------------+-------+-------+-------+-------+-------+-------+-------++-------
  Melee: Shortbow          |       |       |     7 |       |       |       |       ||     7
         Peck              |       |       |     2 |       |       |     1 |       ||     3
         Kick              |       |       |     2 |       |       |       |       ||     2
         Longbow           |       |       |       |       |       |     2 |       ||     2
   Fire: Shortbow          |    72 |   123 |   480 |   161 |       |       |       ||   836
         Longbow           |       |       |       |   331 |  1132 |  1652 |  1351 ||  4466
 Invoke: Vitalisation      |       |       |       |     1 |       |       |       ||     1
         Divine Shield     |       |       |       |       |       |     1 |       ||     1
         Summon Divine War |       |       |       |       |       |       |     3 ||     3
  Evoke: Wand              |       |       |       |     4 |     5 |     2 |       ||    11
         Lightning rod     |       |       |       |       |       |     3 |     3 ||     6
         Phial of floods   |       |       |       |       |       |       |     1 ||     1
    Use: Scroll            |       |     2 |    10 |    11 |     3 |    11 |     5 ||    42
         Potion            |       |       |     5 |       |     1 |     4 |     4 ||    14
 Armour: Leather armour    |     9 |    10 |    11 |       |       |       |       ||    30
         Ring mail         |       |       |    42 |       |       |       |       ||    42
         Steam dragon scal |       |       |    12 |     7 |       |       |       ||    19
         Troll leather arm |       |       |       |    17 |    63 |    79 |    99 ||   258
         Robe              |       |       |       |       |       |     1 |       ||     1
  Dodge: Dodged            |    29 |    39 |   154 |    79 |   250 |  1067 |   998 ||  2616
  Block: Other             |       |       |       |       |       |     6 |       ||     6
